 Dungeon Crawl Stone Soup version 0.28.0-53-g5a82cb258f (webtiles) character file.

Game seed: 14525696877894555714

31 pkoi the Stinger (level 2, 0/20 HPs)
             Began as a Demigod Venom Mage on May 31, 2022.
             Succumbed to an adder's poison
             ... on level 2 of the Dungeon.
             The game lasted 00:01:31 (2127 turns).

pkoi the Stinger (Demigod Venom Mage)               Turns: 2127, Time: 00:01:32

Health: 0/20       AC:  2    Str:  9    XL:     2   Next: 90%
Magic:  1/7        EV: 12    Int: 17    God:
Gold:   29         SH:  0    Dex: 20    Spells: 1/4 levels left

rFire   . . .      SeeInvis .     - Unarmed
rCold   . . .      Faith    .   (no shield)
rNeg    . . .      Spirit   .   a - +0 robe
rPois   .          Reflect  .   (no helmet)
rElec   .          Harm     .   (no cloak)
rCorr   .          Rampage  .   (no gloves)
Will    .....                   (no boots)
Stlth   ++........              (no amulet)
HPRegen 0.06/turn               d - +6 ring of dexterity
MPRegen 0.10/turn               (no ring)

@: lethally poisoned (0 -> -2), very slightly contaminated
A: high MP 1, forlorn, divine attributes
a: no special abilities


You were on level 2 of the Dungeon.
You visited 1 branch of the dungeon, and saw 2 of its levels.

You collected 29 gold pieces.

Inventory:

Armour
 a - a +0 robe (worn)
Jewellery
 d - a +6 ring of dexterity (left hand)
Scrolls
 b - a scroll of immolation {unknown}
Potions
 c - a potion of ambrosia {unknown}
 e - a potion of mutation {unknown}
 f - a potion of flight {unknown}


   Skills:
 - Level 1.7 Dodging
 - Level 1.7 Stealth
 + Level 1.3 Unarmed Combat
 - Level 1.7 Spellcasting
 - Level 0.8 Transmutations
 + Level 0.6 Air Magic
 + Level 3.3 Poison Magic


You had one spell level left.
You knew the following spells:

 Your Spells              Type           Power      Damage    Failure   Level
a - Sting                 Tmut/Pois      32%        1d4       9%          1
b - Poisonous Vapours     Pois/Air       16%        N/A       13%         2

Your spell library contained the following spells:

 Spells                   Type           Power      Damage    Failure   Level
 Mephitic Cloud           Conj/Pois/Air  5%         N/A       34%         3
 Olgreb's Toxic Radiance  Pois           12%        N/A       45%         4
 Tukima's Dance           Hex            1%         N/A       52%         3
 Anguish                  Hex/Necr       0%         N/A       89%         4
 Enfeeble                 Hex            0%         N/A       100%        7


Dungeon Overview and Level Annotations

Branches:
Dungeon (2/15)


Innate Abilities, Weirdness & Mutations

You have an increased reservoir of magic. (+10% MP)
You shall have no god before yourself.
Your divine heritage dramatically boosts your attributes as you level up.


Message History

An adder comes into view.
An adder is nearby!
An adder is nearby!
The adder hisses angrily.
You miscast Sting.
You are very lightly contaminated with residual magic.
Nothing appears to happen.
The adder bites you.
The sting misses the adder.
The adder bites you but does no damage.
The sting misses the adder.
The adder bites you. The adder closely misses you.
The sting hits the adder but does no damage.
The adder is poisoned.
The adder barely misses you.
Aiming: Sting (safe; 9% risk of failure)
Press: ? - help, Q - select action, (/) - cycle Shift-Dir - straight line, f/p - adder
Aim: an adder (lightly wounded, poisoned, 48% to hit)
The sting misses the adder.
The adder closely misses you.
Unknown command.
Aiming: Sting (safe; 9% risk of failure)
Press: ? - help, Q - select action, (/) - cycle Shift-Dir - straight line, f/p - adder
Aim: an adder (lightly wounded, poisoned, 48% to hit)
You miscast Sting.
Nothing appears to happen.
The adder bites you.
* * * LOW HITPOINT WARNING * * *
The adder bites you.
* * * LOW HITPOINT WARNING * * *
You are poisoned.
The adder poisons you!
Aiming: Sting (safe; 9% risk of failure)
Press: ? - help, Q - select action, (/) - cycle Shift-Dir - straight line, f/p - adder
Aim: an adder (lightly wounded, poisoned, 48% to hit)
The sting hits the adder.
The adder looks even sicker.
The adder is lightly wounded.
You feel sick. The adder bites you.
* * * LOW HITPOINT WARNING * * *
You don't have enough magic to cast this spell.
Unknown command.
You feel sick.
You feel sick. The adder bites you.
* * * LOW HITPOINT WARNING * * *
You die...

### #<# #.# #.# #.#
######.#
#......###############..
#............@.S........
####......###############..
.......รท..# ####......#
#......# ####......###(##
.................
#####.#.#.####### #.#.#...


You could see an adder (very poisoned).

Vanquished Creatures
  An adder (D:2)
  2 ball pythons (D:1)
  5 endoplasms (D:1)
  2 giant cockroaches (D:1)
  3 hobgoblins
  A quokka (D:1)
  A bat (D:1)
  A frilled lizard (D:1)
  2 goblins (D:1)
  2 rats (D:2)
20 creatures vanquished.

Notes
Turn   | Place    | Note
-------+----------+-------------------------------------------
     0 | D:1      | pkoi the Demigod Venom Mage began the quest for the Orb.
     0 | D:1      | Reached XP level 1. HP: 14/14 MP: 5/5
   552 | D:1      | Reached skill level 3 in Poison Magic
   864 | D:1      | Reached XP level 2. HP: 20/20 MP: 5/7
   897 | D:1      | Learned a level 2 spell: Poisonous Vapours
   973 | D:1      | Reached skill level 1 in Unarmed Combat
  2126 | D:2      | HP: 1/20 [adder (3)]
  2127 | D:2      | Succumbed to an adder's poison

Illustrated notes

Levels and vault maps discovered:
D:1:      dpeg_arrival_rooms_a, layout_loops_ring,
          hellmonk_ecumenical_altar_run_dry
D:2:      layout_basic, small_statue_intersection, minmay_misc_feat_room,
          uniq_robin

Skill      XL: |  1  2 |
---------------+-------+-----
Poison Magic   | 3 |  3.3
Unarmed Combat | 1 |  1.3
Dodging        | |  1.7
Stealth        | |  1.7
Spellcasting   | |  1.7
Transmutations | |  0.8
Air Magic      | |  0.6

Action                   || total
-------------------------++-------
Melee: Unarmed           ||     5
 Cast: Sting             ||    45
Armor: Robe              ||     5
Dodge: Dodged            ||    15
